 Dungeon Crawl Stone Soup version 0.31-a0-532-g28f74ba3e5 (webtiles) character file.

Game seed: 2083989289647937588

6756 cforsyth the Prestidigitator (level 11, -1/74 HPs)
             Began as a Gnoll Artificer on Aug 13, 2023.
             Was a Follower of Hepliaklqana.
             Slain by a troll (6 damage)
             ... on level 10 of the Dungeon.
             The game lasted 00:18:34 (9084 turns).

cforsyth the Prestidigitator (Gnoll Artificer)      Turns: 9084, Time: 00:18:35

Health: -1/74      AC: 16    Str: 11    XL:     11   Next: 4%
Magic:  29/29      EV:  8    Int: 15    God:    Hepliaklqana [*.....]
Gold:   699        SH:  0    Dex: 13    Spells: 22/22 levels left

rFire   . . .        H - +2 spear (freeze)
rCold   . . .        (no shield)
rNeg    . . .        G - +1 chain mail {rPois}
rPois   +            w - +1 helmet
rElec   .            A - +0 cloak
rCorr   .            z - +0 pair of gloves
SInv    .            (no boots)
Will    .....        l - amulet of regeneration
Stlth   +            t - ring of magical power
HPRegen 1.12/turn    B - ring of poison resistance
MPRegen 0.21/turn

%: no passive effects
@: no status effects
A: reduced essence, fangs 1, strong nose, distributed training
a: Renounce Religion, Recall Ancestor, Ancestor Identity


You were on level 10 of the Dungeon.
You worshipped Hepliaklqana.
Hepliaklqana was aware of your devotion.
You visited 2 branches of the dungeon, and saw 11 of its levels.
You also visited: Ossuary.

You collected 699 gold pieces.

Inventory:

Hand Weapons
 a - a +2 dagger of speed
 j - a +3 flail
 H - a +2 spear of freezing (weapon)
Armour
 c - a +0 plate armour
 w - a +1 helmet (worn)
 z - a +0 pair of gloves (worn)
 A - a +0 cloak (worn)
 G - a +1 chain mail of poison resistance (worn)
Jewellery
 l - an amulet of regeneration (around neck)
 t - a ring of magical power (left hand)
 B - a ring of poison resistance (right hand)
Wands
 d - a wand of charming (1)
 e - a wand of digging (8)
 k - a wand of mindburst (1)
 u - a wand of roots (3)
 y - a wand of flame (25)
Scrolls
 o - a scroll of fear {unknown}
 p - 3 scrolls of enchant armour
 q - a scroll of brand weapon {unknown}
 D - 2 scrolls of identify
 F - a scroll of teleportation
 I - a scroll of immolation {unknown}
Potions
 b - 2 potions of brilliance
 f - a potion of mutation {unknown}
 g - 2 potions of haste
 h - 2 potions of lignification
 i - 5 potions of enlightenment
 m - 2 potions of invisibility {unknown}
 n - a potion of ambrosia
 r - 4 potions of curing
 s - 3 potions of resistance
 v - a potion of might {unknown}
 x - a potion of berserk rage {unknown}
 C - a potion of magic {unknown}
 E - 3 potions of heal wounds


   Skills:
 + Level 6.5 Fighting
 + Level 6.0 Short Blades
 + Level 6.0 Long Blades
 + Level 6.0 Axes
 + Level 6.0 Maces & Flails
 + Level 6.0 Polearms
 + Level 6.0 Staves
 + Level 6.0 Ranged Weapons
 + Level 6.0 Throwing
 + Level 7.6 Armour
 + Level 6.5 Dodging
 + Level 6.5 Stealth
 + Level 6.0 Shields
 + Level 6.0 Unarmed Combat
 + Level 6.0 Spellcasting
 + Level 4.9 Conjurations
 + Level 4.9 Hexes
 + Level 4.9 Summonings
 + Level 4.9 Necromancy
 + Level 4.9 Translocations
 + Level 4.9 Transmutations
 + Level 4.9 Fire Magic
 + Level 4.9 Ice Magic
 + Level 4.9 Air Magic
 + Level 4.9 Earth Magic
 + Level 4.9 Poison Magic
 + Level 6.5 Invocations
 + Level 9.0 Evocations
 + Level 4.9 Shapeshifting


You had 22 spell levels left.
You didn't know any spells.
Your spell library contained the following spells:

 Spells                   Type           Power      Damage    Failure   Level
 Apportation              Tloc           38%        N/A       36%         1
 Necrotise                Necr           76%        1d7       36%         1
 Summon Small Mammal      Summ           76%        N/A       36%         1
 Ensorcelled Hibernation  Hex/Ice        38%        N/A       52%         2
 Passwall                 Tmut/Erth      15%        N/A       52%         2
 Call Canine Familiar     Summ           19%        N/A       75%         3
 Inner Flame              Hex/Fire       19%        N/A       75%         3
 Summon Guardian Golem    Hex/Summ       19%        N/A       75%         3
 Swiftness                Air            19%        N/A       75%         3
 Vhi's Electric Charge    Tloc/Air       38%        N/A       75%         3
 Animate Dead             Necr           19%        N/A       98%         4
 Arcjolt                  Conj/Air       9%         1d19      100%        5
 Borgnjor's Vile Clutch   Necr/Erth      9%         N/A       100%        5
 Yara's Violent Unravell  Hex/Tmut       9%         3d6       100%        5
 Death Channel            Necr           9%         N/A       100%        6
 Enfeeble                 Hex            9%         N/A       100%        7
 Maxwell's Capacitive Co  Air            9%         ∞         100%        8


Dungeon Overview and Level Annotations

Branches:
Dungeon (10/15)            Temple (1/1) D:6            Lair (0/5) D:8
    Orc (0/2) D:9         Ossuary (visited)

Altars:
Ashenzari
Cheibriados
Dithmenos
Elyvilon
Fedhas
Gozag
Hepliaklqana
Kikubaaqudgha
Makhleb
Nemelex Xobeh
Okawaru
Qazlal
Ru
Sif Muna
Trog
Uskayaw
Vehumet
Wu Jian
Xom
Yredelemnul
Zin
The Shining One

Shops:
D:1 =   D:4 [


Innate Abilities, Weirdness & Mutations

Your life essence is reduced to manifest your ancestor. (-10% HP)
You have very sharp teeth.
Your uncanny sense of smell can sniff out nearby items.
Your experience applies equally to all skills.


Message History

The orc warrior is heavily wounded.
The troll bites you but does no damage. The troll completely misses you.
The troll claws you.
The orc warrior hits you with a +0 battleaxe.
The orc warrior hits Cyneburga with a +0 battleaxe!
You are too injured to fight recklessly!
You are too injured to fight recklessly!
You are too injured to fight recklessly!
You are too injured to fight recklessly!
You are too injured to fight recklessly!
You are too injured to fight recklessly!
You are too injured to fight recklessly!
You are too injured to fight recklessly!
You are too injured to fight recklessly!
You are too injured to fight recklessly!
You are too injured to fight recklessly!
You hit the orc warrior but do no damage.
You bite the orc warrior, but do no damage.
The orc warrior is heavily wounded.
Cyneburga misses the orc warrior.
The troll bites you but does no damage. The troll completely misses you.
The troll claws you but does no damage.
The orc warrior hits you with a +0 battleaxe!
The orc warrior hits Cyneburga with a +0 battleaxe.
You hit the orc warrior but do no damage.
You punch the orc warrior.
The orc warrior is heavily wounded.
Cyneburga hits the orc warrior!
The troll bites you but does no damage. The troll claws you.
The troll claws you!
* * * LOW HITPOINT WARNING * * *
The orc warrior hits you with a +0 battleaxe.
* * * LOW HITPOINT WARNING * * *
The orc warrior hits Cyneburga with a +0 battleaxe!
Cyneburga is destroyed!
Aiming: Mindburst
Press: ? - help, Shift-Dir - straight line, f - orc warrior
Aim: an orc warrior, wielding a +0 battleaxe, wearing a +0 chain mail and quivering boomerangs (severely wounded, chance to affect: 88%)
The orc warrior barely resists.
The troll bites you!
* * * LOW HITPOINT WARNING * * *
The troll claws you.
You die...

.# ####### .#
....... .# .
....... .. ..
.#.....
.###...
>......
.......
#..o#.....#
#...@...#
#......T......
#.............
##.#.#..#...##
.. .....#.....
.# .#.#...
..## #.# #..#
... . #..# ###


You could see a troll and an orc warrior.

Vanquished Creatures
  A two-headed ogre (D:9)
  An elephant (D:8)
  A hornet (D:8)
  A shadow (D:8)
  A wraith (D:9)
  4 yaks (D:8)
  A steam dragon (D:4)
  2 water moccasins
  3 orc warriors
  A black bear (D:8)
  2 sky beasts
  An ice beast (D:6)
  4 centaurs
  4 kobold brigands
  3 bullfrogs
  3 scorpions
  4 water moccasin zombies (Ossuary)
  A wight (D:7)
  8 killer bees
  A jelly (D:7)
  A howler monkey (D:7)
  A hound (D:5)
  2 orc priests
  2 gnoll boudas
  3 orc wizards
  2 sleepcaps
  Jessica (D:2)
  A human skeleton (D:7)
  2 iguanas (D:5)
  Natasha (thrice) (D:3)
  2 mummies (Ossuary)
  Robin (D:2)
  3 adders
  8 gnolls
  A white imp (D:7)
  2 ufetubi
  2 adder zombies (Ossuary)
  4 dart slugs
  13 orcs
  2 endoplasms
  3 giant cockroaches
  3 gnoll zombies (Ossuary)
  11 goblins
  9 hobgoblins
  12 jackals
  A quokka (D:2)
  3 ball pythons
  2 bats (D:1)
  3 frilled lizards
  5 hobgoblin zombies (Ossuary)
  16 kobolds
  3 kobold zombies (Ossuary)
  9 orc zombies (Ossuary)
  7 rats
190 creatures vanquished.

Vanquished Creatures (collateral kills)
  Pikel (D:8)
  A wraith (D:8)
  A yak (D:8)
  A basilisk (D:8)
  2 orc warriors
  A lemure (D:8)
  A kobold brigand (D:9)
  A gnoll sergeant (D:8)
  2 orc priests (D:9)
  5 orc wizards
  A gnoll (D:6)
  An adder zombie (Ossuary)
  An orc (D:8)
  A kobold (D:4)
  A kobold zombie (Ossuary)
  An orc zombie (Ossuary)
22 creatures vanquished.

Vanquished Creatures (others)
  A hornet (D:8)
  A yak (D:8)
  2 bullfrogs
  A killer bee (D:7)
  7 ancestors
  A gnoll (D:6)
13 creatures vanquished.

Grand Total: 225 creatures vanquished

Notes
Turn   | Place    | Note
-------+----------+-------------------------------------------
     0 | D:1      | cforsyth the Gnoll Artificer began the quest for the Orb.
     0 | D:1      | Reached XP level 1. HP: 17/17 MP: 1/1
    69 | D:1      | Found Hoamoz's One-of-a-Kind Rings.
   248 | D:1      | Reached XP level 2. HP: 16/23 MP: 2/2
   682 | D:1      | Reached XP level 3. HP: 25/28 MP: 3/3
   888 | D:2      | Noticed Jessica
   891 | D:2      | Killed Jessica
   892 | D:2      | Reached skill level 1 in Short Blades
   892 | D:2      | Reached skill level 1 in Long Blades
   892 | D:2      | Reached skill level 1 in Axes
   892 | D:2      | Reached skill level 1 in Maces & Flails
   892 | D:2      | Reached skill level 1 in Polearms
   892 | D:2      | Reached skill level 1 in Staves
   892 | D:2      | Reached skill level 1 in Ranged Weapons
   892 | D:2      | Reached skill level 1 in Throwing
   892 | D:2      | Reached skill level 1 in Shields
   892 | D:2      | Reached skill level 1 in Unarmed Combat
   892 | D:2      | Reached skill level 1 in Spellcasting
   892 | D:2      | Reached skill level 1 in Invocations
  1085 | D:2      | Reached XP level 4. HP: 33/34 MP: 5/5
  1159 | D:2      | You fall into a shaft and drop 2 floors!
  1176 | D:3      | Noticed Natasha
  1182 | D:3      | Killed Natasha
  1183 | D:3      | Reached skill level 1 in Conjurations
  1183 | D:3      | Reached skill level 1 in Hexes
  1183 | D:3      | Reached skill level 1 in Summonings
  1183 | D:3      | Reached skill level 1 in Necromancy
  1183 | D:3      | Reached skill level 1 in Translocations
  1183 | D:3      | Reached skill level 1 in Transmutations
  1183 | D:3      | Reached skill level 1 in Fire Magic
  1183 | D:3      | Reached skill level 1 in Ice Magic
  1183 | D:3      | Reached skill level 1 in Air Magic
  1183 | D:3      | Reached skill level 1 in Earth Magic
  1183 | D:3      | Reached skill level 1 in Poison Magic
  1183 | D:3      | Reached skill level 1 in Shapeshifting
  1283 | D:3      | Noticed Natasha
  1292 | D:3      | Killed Natasha
  1405 | D:3      | Found a faded altar of an unknown god.
  1463 | D:2      | Reached XP level 5. HP: 34/40 MP: 5/7
  1832 | D:3      | Noticed Robin
  1903 | D:2      | Killed Robin
  2210 | D:3      | Noticed Natasha
  2218 | D:3      | Killed Natasha
  2538 | D:4      | Noticed a steam dragon
  2589 | D:4      | HP: 2/41 [something] (8)]
  2836 | D:4      | Killed a steam dragon
  2837 | D:4      | Reached skill level 5 in Armour
  2837 | D:4      | Reached XP level 6. HP: 47/47 MP: 7/9
  2883 | D:4      | Found Kime's Armour Boutique.
  3293 | D:5      | Entered Level 5 of the Dungeon
  3427 | D:5      | Noticed a water moccasin
  3430 | D:5      | Killed a water moccasin
  3431 | D:5      | Reached skill level 7 in Evocations
  3431 | D:5      | Reached XP level 7. HP: 52/52 MP: 10/10
  4956 | D:6      | Found a staircase to the Ecumenical Temple.
  5004 | Temple   | Entered the Ecumenical Temple
  5008 | Temple   | Reached XP level 8. HP: 58/60 MP: 12/12
  5017 | Temple   | Became a worshipper of Hepliaklqana the Forgotten
  6229 | D:7      | Found a large runed translucent door.
  6230 | D:7      | Found a large runed translucent door.
  6274 | D:7      | Reached XP level 9. HP: 44/66 MP: 14/14
  6423 | D:7      | Found a runed translucent door.
  6447 | D:7      | Found a basalt altar of Yredelemnul.
  6722 | D:7      | Reached skill level 5 in Fighting
  6722 | D:7      | Reached skill level 5 in Dodging
  6760 | D:7      | Found an ornate altar of the Wu Jian Council.
  6763 | D:7      | Found a glowing silver altar of Zin.
  6793 | D:8      | Noticed a hornet
  6837 | D:8      | Reached * piety under Hepliaklqana
  6872 | D:8      | Noticed an elephant
  6882 | D:8      | Reached skill level 5 in Stealth
  6882 | D:8      | HP: 2/61 [shot self (8)]
  6940 | D:8      | Reached skill level 8 in Evocations
  6962 | D:8      | Reached skill level 5 in Invocations
  7000 | D:8      | Found a burning altar of Makhleb.
  7040 | D:8      | Found a sand-covered staircase.
  7045 | Ossuary  | Entered an ossuary
  7272 | D:8      | Found a staircase to the Lair.
  7303 | D:8      | Reached XP level 10. HP: 37/67 MP: 17/17
  7338 | D:8      | Reached skill level 5 in Short Blades
  7338 | D:8      | Reached skill level 5 in Long Blades
  7338 | D:8      | Reached skill level 5 in Axes
  7338 | D:8      | Reached skill level 5 in Maces & Flails
  7338 | D:8      | Reached skill level 5 in Polearms
  7338 | D:8      | Reached skill level 5 in Staves
  7338 | D:8      | Reached skill level 5 in Ranged Weapons
  7338 | D:8      | Reached skill level 5 in Throwing
  7338 | D:8      | Reached skill level 5 in Shields
  7338 | D:8      | Reached skill level 5 in Unarmed Combat
  7338 | D:8      | Reached skill level 5 in Spellcasting
  7362 | D:8      | Noticed Pikel
  7411 | D:8      | Killed Pikel
  7613 | D:8      | Found a shadowy altar of Dithmenos.
  7650 | D:8      | Killed an elephant
  7688 | D:8      | Found a blossoming altar of Fedhas.
  8159 | D:9      | Noticed a two-headed ogre
  8173 | D:9      | Killed a two-headed ogre
  8690 | D:8      | Reached XP level 11. HP: 24/74 MP: 19/19
  8822 | D:9      | Found a staircase to the Orcish Mines.
  8995 | D:9      | Reached skill level 9 in Evocations
  9070 | D:10     | Entered Level 10 of the Dungeon
  9084 | D:10     | Slain by a troll

Illustrated notes

Levels and vault maps discovered:
D:1:      dpeg_arrival_shelter, layout_loops_ring, nicolae_shop_unique_rings,
          nicolae_kite_square_tiling_tiny, minmay_pentomino_w2
D:2:      layout_loops_cross, uniq_jessica
D:3:      layout_rooms, basic_ecumenical_altar, nicolae_elevator_lobby_asterisk,
          uniq_natasha, uniq_robin
D:4:      layout_loops_ring, serial_shops, nicolae_shop_just_a_little_nook
D:5:      layout_loops_cross, st_stairs_1, minivault_26
D:6:      layout_loops_ring, minmay_temple_entry_stoned_glass
D:7:      layout_loops_ring, dk_yredelemnul_ordeal, jmf_multi_god_temple2
D:8:      layout_basic, mainiacjoe_overflow_swirl, amcnicky_altar_gilded,
          david_lair_generic, enter_ossuary_2, uniq_pikel
D:9:      minmay_razor_zed, layout_cave_pools, david_orc_4,
          nicolae_shop_i_like_small_books_too
D:10:     layout_basic, serial_shops, nicolae_shop_scrapyard,
          nicolae_shop_gadgets
Temple:   eino_temple_scatter_basement

Skill      XL: |  1  2  3  4  5  6  7  8  9 10 11 |
---------------+----------------------------------+-----
Short Blades   | 1 2 3 4 5 6 |  6.0
Long Blades    | 1 2 3 4 5 6 |  6.0
Axes           | 1 2 3 4 5 6 |  6.0
Maces & Flails | 1 2 3 4 5 6 |  6.0
Polearms       | 1 2 3 4 5 6 |  6.0
Staves         | 1 2 3 4 5 6 |  6.0
Ranged Weapons | 1 2 3 4 5 6 |  6.0
Throwing       | 1 2 3 4 5 6 |  6.0
Shields        | 1 2 3 4 5 6 |  6.0
Unarmed Combat | 1 2 3 4 5 6 |  6.0
Spellcasting   | 1 2 3 4 5 6 |  6.0
Invocations    | 1 2 3 4 5 6 |  6.5
Conjurations   | 1 2 3 4 |  4.9
Hexes          | 1 2 3 4 |  4.9
Summonings     | 1 2 3 4 |  4.9
Necromancy     | 1 2 3 4 |  4.9
Translocations | 1 2 3 4 |  4.9
Transmutations | 1 2 3 4 |  4.9
Fire Magic     | 1 2 3 4 |  4.9
Ice Magic      | 1 2 3 4 |  4.9
Air Magic      | 1 2 3 4 |  4.9
Earth Magic    | 1 2 3 4 |  4.9
Poison Magic   | 1 2 3 4 |  4.9
Shapeshifting  | 1 2 3 4 |  4.9
Fighting       | 3 4 5 6 |  6.5
Dodging        | 3 4 5 6 |  6.5
Armour         | 5 6 7 |  7.6
Stealth        | 3 4 5 6 |  6.5
Evocations     | 7 8 9 |  9.0

Action                     |  1- 3 |  4- 6 |  7- 9 | 10-12 || total
---------------------------+-------+-------+-------+-------++-------
  Melee: Club              |   113 |       |       |       ||   113
         Bite              |     7 |    12 |    50 |    27 ||    96
         Flail             |     4 |   110 |   429 |    40 ||   583
         Punch             |       |     1 |    17 |     8 ||    26
         Spear             |       |       |       |   162 ||   162
 Invoke: Recall Ancestor   |       |       |       |     1 ||     1
  Evoke: Wand              |     2 |    14 |    34 |    11 ||    61
    Use: Scroll            |       |       |    14 |       ||    14
         Potion            |       |       |     1 |       ||     1
   Stab: Sleeping          |     3 |     3 |     1 |       ||     7
         Distracted        |       |       |     1 |     1 ||     2
 Armour: Leather armour    |    47 |    31 |    17 |       ||    95
         Plate armour      |       |       |   478 |    48 ||   526
         Chain mail        |       |       |       |    61 ||    61
  Dodge: Dodged            |    92 |    89 |   109 |    44 ||   334

Table legend: (Time is in decaauts)
 A = Elapsed time spent in this place.
 B = Non-inter-level travel time spent in this place.
 C = Inter-level travel time spent in this place.
 D = Time resting spent in this place.
 E = Time spent auto-exploring this place.
 F = Levels seen in this place.
 G = Mean time per level.
                   A        B        C        D        E       F      G
               +--------+--------+--------+--------+--------+-----+--------+
         Total |   9243 |   8808 |    435 |   1115 |   5494 |  12 |  770.2 |
       Dungeon |   8996 |   8570 |    426 |   1115 |   5422 |  10 |  899.6 |
        Temple |     23 |     14 |      9 |      0 |      0 |   1 |   23.0 |
       Ossuary |    223 |    223 |      0 |      0 |     72 |   1 |  223.0 |
               +--------+--------+--------+--------+--------+-----+--------+

Top non-repeatable levels by time:
     D:5: 1434 daAuts
     D:8: 1345 daAuts
     D:7: 1271 daAuts
     D:3: 1017 daAuts
     D:1: 915 daAuts
     D:6: 884 daAuts
     D:2: 839 daAuts
     D:4: 680 daAuts
     D:9: 597 daAuts
 Ossuary: 223 daAuts
  Temple: 23 daAuts
    D:10: 11 daAuts
